cohdb
Replays
Latest Replays
All Replays
Popular Replays
Top Player Replays
Match Explorer
How It Works
Community
CoH3 Stats
Reddit
Sign in to upload your games and track your stats! →
Sign in with Steam
Match 43164259
Unlisted
Match 43164259
Overview
Messages
Build Orders
End
Panzergrenadier Squad
Selects Armored Support Battlegroup
250 Light Carrier
250 Light Carrier
Construct Light Support Kompanie
Combat Half-tracks
250 Light Carrier
2.5-tonne Medical Truck
Construct Mechanized Kompanie
Marder III Tank Destroyer
Forward Retreat Point
Vehicle Survival Package
Tungsten Core Ammunition
Panzergrenadier Squad
Construct Panzerarmee Kommand
Emergency Repair Kits
Rapid Advance
Advanced Optics
Armored Reserves
Selects Vehicle Awareness
Selects Panzer Storm
Selects Veteran Gunners
Veteran Squad Leaders
Tiger Heavy Tank
RockWoo
AI
BearableBear
WastedMetalProductions
Sabom
Mad
摩诘
神鹰
0
0
Comments
sign in to comment!
No comments posted yet!